cohdb
Replays
Latest Replays
All Replays
Popular Replays
Top Player Replays
Match Explorer
How It Works
Community
CoH3 Stats
Reddit
Sign in to upload your games and track your stats! →
Sign in with Steam
Match 24395397
Unlisted
Match 24395397
Overview
Messages
Build Orders
End
Construct Barracks
Selects Advanced Infantry Battlegroup
Riflemen Squad
M1 Mortar Team
Construct Weapon Support Center
Riflemen Squad
Bazooka Squad
Selects Convert to Ranger Squad
Convert to Ranger Squad
M1919 Machine Gun Team
Infantry Support Center
Selects Frontline Medical Station
Frontline Medical Station
abs59il
SneaKerz
gb_gbg
berliner-schnauze
House
Ripperlgrill
0
0
Comments
sign in to comment!
No comments posted yet!